 Dungeon Crawl Stone Soup version 0.27.0-65-ge2af304b15 (webtiles) character file.

Game seed: 8832368453646409706

110 Crownlay the Chopper (level 4, -1/39 HPs)
             Began as a Hill Orc Fighter on Aug 18, 2021.
             Slain by Grinder (5 damage)
             ... while paralysed by Grinder
             ... on level 3 of the Dungeon.
             The game lasted 00:02:48 (1813 turns).

Crownlay the Chopper (Hill Orc Fighter)             Turns: 1813, Time: 00:02:49

Health: -1/39      AC:  6    Str: 19    XL:     4   Next: 91%
Magic:  4/4        EV:  2    Int:  8    God:
Gold:   96         SH:  0    Dex: 10    Spells: 3/3 levels left

rFire    . . .     SeeInvis .   a - +0 war axe
rCold    . . .     Faith    .   (no shield)
rNeg     . . .     Spirit   .   b - +0 scale mail
rPois    .         Reflect  .   (no helmet)
rElec    .         Harm     .   (no cloak)
rCorr    .         Rampage  .   (no gloves)
Will     .....                  (no boots)
Stlth    ..........             (no amulet)
HPRegen  0.13/turn              (no ring)
MPRegen  0.09/turn              (no ring)

@: paralysed
A: no striking features
a: no special abilities


You were on level 3 of the Dungeon.
You visited 1 branch of the dungeon, and saw 3 of its levels.

You collected 96 gold pieces.

Inventory:

Hand Weapons
 a - a +0 war axe (weapon)
Missiles
 e - 6 datura-tipped darts (quivered)
Armour
 b - a +0 scale mail (worn)
 c - a +0 kite shield
Scrolls
 g - a scroll of teleportation {unknown}
 h - a scroll of holy word {unknown}
 j - a scroll of noise {unknown}
 k - a scroll of enchant weapon {unknown}
 l - a scroll of identify {unknown}
 m - a scroll of brand weapon {unknown}
 o - a scroll of silence {unknown}
Potions
 d - a potion of might
 f - a potion of lignification {unknown}
 i - a potion of mutation {unknown}
 n - a potion of attraction {unknown}


   Skills:
 - Level 3.6 Fighting
 + Level 6.5 Axes
 - Level 3.2 Armour
 - Level 3.2 Shields


You had 3 spell levels left.
You didn't know any spells.
Your spell library contained the following spells:

 Spells                   Type           Power      Damage    Failure   Level
 Tukima's Dance           Hex            0%         N/A       98%         3
 Passage of Golubria      Tloc           N/A        N/A       100%        4
 Yara's Violent Unravell  Hex/Tmut       0%         3d3       100%        5


Dungeon Overview and Level Annotations

Branches:
Dungeon (3/15)

Altars:

Annotations:
D:3 Grinder


Message History

A bat is nearby!
A bat is nearby!
A bat is nearby!
You barely miss the bat. The bat barely misses you. x2
You barely miss the bat. The bat barely misses you.
You miss the bat. The bat hits you but does no damage.
The bat closely misses you. The bat hits you but does no damage.
You closely miss the bat. The bat hits you but does no damage.
The bat hits you.
You closely miss the bat. The bat closely misses you.
The bat hits you but does no damage.
You hit the bat.
You kill the bat!
No target in view!
No target in view!
No target in view!
HP restored.
o - a scroll labelled BISKUW JAACK Grinder comes into view.
You see here 15 gold pieces.
Grinder hits you.
You hit Grinder.
Grinder is lightly wounded.
Grinder hits you.
You writhe in agony.
Grinder barely misses you.
You slash Grinder!
Grinder is moderately wounded.
Grinder blinks!
Grinder gestures at you.
You suddenly lose the ability to move!
Grinder gestures at you.
You shrug off the repeated paralysis!
Grinder gestures at you. Pain shoots through your body! Grinder hits you.
You writhe in agony.
* * * LOW HITPOINT WARNING * * *
Grinder hits you.
* * * LOW HITPOINT WARNING * * *
You writhe in agony.
You die...

###
#.......#
#.#
.......
#.#
#.....#
#.#####
##.....##
#†)...#
#.......#
#<###.#
#.......#
#.# #.#
#.......#
#.#
#.#####
#5@...#
#.#
#.....##
##....#
#..
#####..#
####$#
##. ##.##
#.# .
#..## #.#
.# ##..#
#.#
##.###
#.# #>..#
#.#
###†###.#


You could see Grinder.

Vanquished Creatures
  4 gnolls
  2 adders
  A dart slug (D:1)
  7 endoplasms
  A giant cockroach (D:2)
  5 goblins
  2 hobgoblins
  4 jackals
  2 quokkas (D:1)
  3 ball pythons
  4 bats
  8 frilled lizards
  7 kobolds
  4 rats
54 creatures vanquished.

Vanquished Creatures (collateral kills)
  A goblin (D:1)
1 creature vanquished.

Vanquished Creatures (others)
  A goblin (D:1)
1 creature vanquished.

Grand Total: 56 creatures vanquished

Notes
Turn   | Place    | Note
-------+----------+-------------------------------------------
     0 | D:1      | Crownlay the Hill Orc Fighter began the quest for the Orb.
     0 | D:1      | Reached XP level 1. HP: 19/19 MP: 1/1
    30 | D:1      | Reached skill level 3 in Axes
   236 | D:1      | Reached XP level 2. HP: 25/26 MP: 2/2
   314 | D:1      | Found a faded altar of an unknown god.
   331 | D:1      | Reached skill level 4 in Axes
   646 | D:1      | You fall into a shaft and drop 1 floor!
   649 | D:2      | Reached XP level 3. HP: 31/31 MP: 3/3
   930 | D:2      | Reached skill level 5 in Axes
  1136 | D:2      | Reached XP level 4. HP: 23/39 MP: 4/4
  1310 | D:1      | Reached skill level 6 in Axes
  1804 | D:3      | Noticed Grinder
  1809 | D:3      | Paralysed by Grinder for 7 turns
  1813 | D:3      | Slain by Grinder

Illustrated notes

Levels and vault maps discovered:
D:1:      lightli_arrival_lavapool, layout_rooms, shapermc_ecumenical_altar_venn
D:2:      cheibrodos_helix_gallery, layout_rooms
D:3:      layout_rooms, kennysheep_generic_room_5, uniq_ijyb, uniq_grinder,
          uniq_natasha, uniq_terence, uniq_sigmund

Skill      XL: |  1  2  3  4 |
---------------+-------------+-----
Axes           | 3 4 5 6 |  6.5
Fighting       | |  3.6
Armour         | |  3.2
Shields        | |  3.2

Action                   |  1- 3 |  4- 6 || total
-------------------------+-------+-------++-------
Melee: War axe           |   111 |    39 ||   150
Throw: Dart              |     6 |       ||     6
Armor: Scale mail        |    77 |    17 ||    94
Dodge: Dodged            |    74 |    18 ||    92
